[Event "*** Titled Tuesday Blitz"]
[Site "Chess.com"]
[Date "2021.03.30"]
[Round "7"]
[White "A-Fier"]
[Black "Yaryi_sergey"]
[Result "1/2-1/2"]
[WhiteElo "2666"]
[BlackElo "2525"]
[TimeControl "180+1"]
[EndTime "11:16:24 PDT"]
[Termination "Game drawn by repetition"]

1. d4 Nf6 2. Bg5 Ne4 3. h4 d5 4. Nd2 h6 5. Bf4 Nd6 6. h5 Nc6 7. e3 Bf5 8. Ngf3 Qd7 9. Ne5 Nxe5 10. dxe5 Ne4 11. Bd3 g5 12. hxg6 Bxg6 13. Bxe4 dxe4 14. Qe2 O-O-O 15. O-O-O Qa4 16. Kb1 Bg7 17. Nb3 b6 18. Nd4 Kb7 19. Qg4 h5 20. Qh4 e6 21. Rhe1 Rd5 22.
Nb3 Rhd8 23. Qxd8 Rxd8 24. Rxd8 Qb5 25. Nd4 Qb4 26. c3 Qe7 27. Rg8 f5 28. exf6 Qxf6 29.
Nxe6 Qxe6 30. Rxg7 Bf7 31. Rd1 Qxa2+ 32. Kc1 Bb3 33. Rxc7+ Ka6 34. Kd2 Qxb2+ 35. Ke1 Bxd1 36. Kxd1 Qb1+ 37. Kd2 Qd3+ 38. Ke1 Kb5 39. Rxa7 Qxc3+ 40. Ke2 Qd3+ 41. Ke1 Qb1+ 42. Ke2 Qd3+ 43. Ke1 Kc4 44. Rc7+ Kb3 45. Be5 Qb1+ 46. Ke2 Qd3+ 47. Ke1 Qb1+ 48. Ke2 Qd3+ 49. Ke1 1/2-1/2

[Event "*** Titled Tuesday Blitz"]
[Site "Chess.com"]
[Date "2021.03.30"]
[Round "7"]
[White "BozeKat"]
[Black "MYMChessAcademy"]
[Result "1-0"]
[WhiteElo "2024"]
[BlackElo "2169"]
[TimeControl "180+1"]
[EndTime "11:16:24 PDT"]
[Termination "BozeKat won on time"]

1. Nf3 Nf6 2. d4 d5 3. c4 e6 4.
e3 Be7 5. Nbd2 O-O 6. Bd3 Nc6 7.
O-O Re8 8. a3 a6 9. b4 b6 10.
Qc2 Bb7 11. e4 dxc4 12. Nxc4 Nxd4 13. Nxd4 Qxd4 14. Bb2 Qd8 15. e5 Qd5 16. f3 Nd7 17. Be4 Qb5 18. Bxb7 Rad8 19. Be4 a5 20. Bxh7+ Kh8 21.
Bd3 Qc6 22. b5 Qc5+ 23. Kh1 1-0

[Event "*** Titled Tuesday Blitz"]
[Site "Chess.com"]
[Date "2021.03.30"]
[Round "7"]
[White "Gloomy_Wanderer"]
[Black "LastHeroJr"]
[Result "1-0"]
[WhiteElo "2712"]
[BlackElo "2552"]
[TimeControl "180+1"]
[EndTime "11:16:26 PDT"]
[Termination "Gloomy_Wanderer won by resignation"]

1. d4 Nf6 2. Nf3 g6 3. c4 Bg7 4. g3 O-O 5. Bg2 d6 6. O-O Nbd7 7. Nc3 e5 8. e4 exd4 9. Nxd4 Re8 10. h3 a6 11. Re1 Rb8 12. Bg5 h6 13. Be3 Ne5 14. b3 c5 15. Nde2 b5 16. f4 Ned7 17. Qxd6 b4 18.
e5 bxc3 19. Nxc3 Nh5 20. g4 Bf8 21. Qd2 Ng7 22. Rad1 Qa5 23. Ne4 Qxd2 24. Rxd2 g5 25.
Rxd7 Bxd7 26. Nf6+ Kh8 27. Nxd7 Rbd8 28. Nxf8 Rxf8 29.
Bxc5 Rfe8 30. f5 Rd2 31. e6 Nxe6 32. fxe6 Rxe6 33. Rxe6 fxe6 34. Bb6 Rxa2 35. c5 Ra1+ 36. Kh2 Rc1 37. Bb7 Rc2+ 38. Kg1 Rc3 39. c6 Rxb3 40. c7 1-0

[Event "*** Titled Tuesday Blitz"]
[Site "Chess.com"]
[Date "2021.03.30"]
[Round "7"]
[White "AlexSuv"]
[Black "Pikachess999"]
[Result "1-0"]
[WhiteElo "2550"]
[BlackElo "2358"]
[TimeControl "180+1"]
[EndTime "11:16:27 PDT"]
[Termination "AlexSuv won by resignation"]

1. d4 d5 2. c4 e6 3. Nc3 Nf6 4. cxd5 exd5 5. Bg5 Be7 6. e3 O-O 7. Bd3 c6 8. Nf3 Nbd7 9. O-O Re8 10. h3 Nf8 11. Qc2 Ng6 12. Bxf6 Bxf6 13. b4 a6 14. a4 Bd7 15. b5 axb5 16. axb5 Qb6 17. Na4 Qc7 18.
Nc5 cxb5 19. Nxd7 Qxd7 20. Qb3 Ne7 21. Bxb5 Nc6 22. Rac1 Rac8 23. Rc5 Red8 24. Rfc1 Be7 25. R5c2 Qe6 26. Qa4 Nb4 27. Rxc8 Rxc8 28. Rb1 Qd6 29. Ne5 f6 30. Nd3 Nc6 31. Nc5 Qc7 32. Bxc6 bxc6 33.
Rb7 Qd8 34. Qa7 Bf8 35. Ne6 1-0

[Event "*** Titled Tuesday Blitz"]
[Site "Chess.com"]
[Date "2021.03.30"]
[Round "7"]
[White "alexrustemov"]
[Black "Baron_von_Koenig"]
[Result "1-0"]
[WhiteElo "2729"]
[BlackElo "2560"]
[TimeControl "180+1"]
[EndTime "11:16:29 PDT"]
[Termination "alexrustemov won by resignation"]

1. d4 b6 2. e4 Bb7 3. Bd3 Nf6 4.
Qe2 Nc6 5. c3 e5 6. d5 Ne7 7.
Nf3 Ng6 8. O-O Be7 9. c4 d6 10. Nc3 O-O 11. Be3 Bc8 12. h3 Nh5 13. Qc2 Nhf4 14.
Rfe1 Nxd3 15. Qxd3 f5 16. exf5 Bxf5 17. Qe2 Qd7 18. Kh2 Rae8 19. Nd2 Nf4 20. Bxf4 exf4 21.
Nde4 f3 22. Qxf3 Bxe4 23. Qxe4 Rxf2 24. Qe6+ Qxe6 25. Rxe6 Rxb2 26. Rae1 Rc2 27. Nb5 Rxc4 28. Rxe7 Rxe7 29. Rxe7 Kf8 30. Rxc7 Rb4 31. Nxd6 Rd4 32. Rc8+ 1-0

[Event "*** Titled Tuesday Blitz"]
[Site "Chess.com"]
[Date "2021.03.30"]
[Round "7"]
[White "Soltan49"]
[Black "MaevskiyNikolay"]
[Result "0-1"]
[WhiteElo "2247"]
[BlackElo "2536"]
[TimeControl "180+1"]
[EndTime "11:16:35 PDT"]
[Termination "MaevskiyNikolay won by resignation"]

1. Nf3 d5 2. e3 Bg4 3. c4 dxc4 4. Bxc4 e6 5. d4 Nd7 6. Qb3 Rb8 7.
Nc3 Ngf6 8. Nd2 a6 9. f3 Bh5 10. e4 b5 11. Be2 c5 12. dxc5 Bxc5 13. Nf1 O-O 14. Be3 Qb6 15. Bxc5 Nxc5 16. Qc2 Rbc8 17.
a3 Rfd8 18. Ng3 Bg6 19. Rd1 h6 20. Nf1 Rxd1+ 21. Qxd1 Rd8 22. Qc2 Nd5 23. g3 b4 24.
axb4 Qxb4 25. Nd2 Ne3 26. Qb3 Nxb3 0-1

[Event "*** Titled Tuesday Blitz"]
[Site "Chess.com"]
[Date "2021.03.30"]
[Round "7"]
[White "eljanov"]
[Black "frenchpin"]
[Result "1-0"]
[WhiteElo "2846"]
[BlackElo "2524"]
[TimeControl "180+1"]
[EndTime "11:16:39 PDT"]
[Termination "eljanov won by resignation"]

1. e4 e6 2. d4 d5 3. e5 c5 4. c3 Qb6 5. Nf3 Nc6 6. a3 Nh6 7. b4 cxd4 8. b5 Na5 9. Bxh6 gxh6 10. cxd4 Bd7 11. Nbd2 Rg8 12. Qc2 Rg4 13. Qxh7 Rxd4 14. Be2 Rxd2 15. Nxd2 Qd4 16. Rc1 Qxe5 17. Nf3 Qb2 18. O-O Qxe2 19. Rfe1 Qxb5 20. Ne5 Be7 21. Rc7 Bc6 22. Qxf7+ 1-0

[Event "*** Titled Tuesday Blitz"]
[Site "Chess.com"]
[Date "2021.03.30"]
[Round "7"]
[White "andriipalchuk"]
[Black "mac0504"]
[Result "0-1"]
[WhiteElo "2613"]
[BlackElo "2473"]
[TimeControl "180+1"]
[EndTime "11:16:40 PDT"]
[Termination "mac0504 won by resignation"]

1. d4 Nf6 2. c4 e6 3. Nc3 Bb4 4. Nf3 O-O 5. g3 d6 6. Bg2 Bxc3+ 7. bxc3 Nc6 8. O-O e5 9. h3 Rb8 10. Be3 Qe7 11. Nd2 Na5 12. dxe5 dxe5 13. Bxa7 Ra8 14. Be3 Ra6 15. Nb3 Nxc4 16. Bc5 Nd6 17. Be3 b6 18. Qd3 Ra4 19. Rfd1 Bf5 20. Qd2 Nfe4 21. Qc1 Rc4 22. g4 Rxc3 23. Qb2 Nc4 0-1

[Event "*** Titled Tuesday Blitz"]
[Site "Chess.com"]
[Date "2021.03.30"]
[Round "7"]
[White "ErikRonka"]
[Black "eldur16"]
[Result "1-0"]
[WhiteElo "2421"]
[BlackElo "2573"]
[TimeControl "180+1"]
[EndTime "11:16:41 PDT"]
[Termination "ErikRonka won by resignation"]

1. e4 Nf6 2. e5 Nd5 3. c4 Nb6 4. d4 d6 5. f4 dxe5 6. fxe5 Nc6 7. Be3 Bf5 8. Nc3 e6 9. Nf3 Be7 10. Be2 O-O 11. O-O f6 12. exf6 Bxf6 13. Qd2 Qe7 14.
Rad1 Rad8 15. Kh1 Kh8 16. h3 h6 17. Bg1 Bh7 18. Rfe1 Rd7 19. c5 Nd5 20. Nxd5 exd5 21. Ba6 Be4 22. Bxb7 Qe6 23. Ba6 Nxd4 24. Bxd4 Bxd4 25.
Qxd4 Rxf3 26. Rxe4 dxe4 27. Qxd7 1-0

[Event "*** Titled Tuesday Blitz"]
[Site "Chess.com"]
[Date "2021.03.30"]
[Round "7"]
[White "Srinavasan"]
[Black "DenLaz"]
[Result "1-0"]
[WhiteElo "2976"]
[BlackElo "2839"]
[TimeControl "180+1"]
[EndTime "11:16:44 PDT"]
[Termination "Srinavasan won by resignation"]

1. c4 c6 2. Nf3 d5 3. e3 Nf6 4. Nc3 Bf5 5. cxd5 cxd5 6. Qb3 Bc8 7. d4 e6 8. Bd3 Be7 9. O-O O-O 10. Bd2 Nc6 11.
Rfc1 Bd7 12. h3 Rc8 13. Ne5 Na5 14. Qd1 Nc4 15. Bxc4 dxc4 16. b3 cxb3 17. Qxb3 b6 18. Nb5 Bxb5 19. Qxb5 Bd6 20. Rxc8 Qxc8 21. Rc1 Qb7 22.
Bb4 Bxb4 23. Qxb4 Rc8 24. Rxc8+ Qxc8 25. Qe7 Qe8 26. Qxa7 Nd5 27. e4 Nb4 28. Qxb6 Nxa2 29. Qb2 Qa8 30. d5 exd5 31. exd5 f6 32. Nc6 Kf7 33. Qd2 Ke8 34. Qe3+ Kf7 35. Qe6+ Kg6 36.
Qe4+ Kh6 37. d6 Qc8 38. Qh4+ 1-0

[Event "*** Titled Tuesday Blitz"]
[Site "Chess.com"]
[Date "2021.03.30"]
[Round "7"]
[White "aunqa"]
[Black "comsac"]
[Result "1-0"]
[WhiteElo "2304"]
[BlackElo "2371"]
[TimeControl "180+1"]
[EndTime "11:16:48 PDT"]
[Termination "aunqa won by checkmate"]

1. e4 e5 2. Nf3 Nc6 3. Bb5 Nf6 4. O-O Nxe4 5. Re1 Nd6 6. Nxe5 Nxe5 7. Rxe5+ Be7 8. Bf1 O-O 9. d4 Bf6 10. Re1 Ne8 11.
Nc3 d5 12. Bf4 c6 13. Ne2 g6 14. Ng3 Ng7 15. Qd2 Nf5 16. c3 Nxg3 17. Bxg3 Bf5 18.
Bd3 Bxd3 19. Qxd3 Re8 20. h3 Qd7 21. Qf3 Bg7 22. Kf1 f5 23. Bf4 Re4 24. Qg3 Rae8 25.
f3 Rxe1+ 26. Rxe1 Rxe1+ 27. Qxe1 Kf7 28. Be5 Qe6 29. f4 Bf8 30. Qh4 h5 31. Qd8 Qe7 32. Qc8 a6 33. a4 Kg8 34. a5 c5 35. dxc5 Qxc5 36. Qe6+ Kh7 37. Qf7+ Kh6 38. Qg8 Qb5+ 39. Kg1 Bc5+ 40. Kh1 Qd7 41. Qh8+ Qh7 42. Bg7# 1-0

[Event "*** Titled Tuesday Blitz"]
[Site "Chess.com"]
[Date "2021.03.30"]
[Round "7"]
[White "losersgame"]
[Black "NiranjanNavalgund"]
[Result "0-1"]
[WhiteElo "2336"]
[BlackElo "2506"]
[TimeControl "180+1"]
[EndTime "11:16:49 PDT"]
[Termination "NiranjanNavalgund won by resignation"]

1. d4 Nf6 2. c4 e6 3. Nc3 Bb4 4. e3 c5 5. Bd3 Nc6 6. Nf3 Bxc3+ 7. bxc3 d6 8. e4 e5 9. d5 Ne7 10. O-O Ng6 11. g3 Bh3 12. Re1 Qd7 13. Bf1 h5 14. Bxh3 Qxh3 15. Ng5 Qd7 16. h4 Ng4 17. f3 Nf6 18.
Kg2 Nh7 19. Nh3 f5 20. Bg5 O-O 21. Qd3 f4 22. gxf4 Nxg5 23. fxg5 Qxh3+ 0-1

[Event "*** Titled Tuesday Blitz"]
[Site "Chess.com"]
[Date "2021.03.30"]
[Round "7"]
[White "jcibarra"]
[Black "Firouzja2003"]
[Result "0-1"]
[WhiteElo "2856"]
[BlackElo "3108"]
[TimeControl "180+1"]
[EndTime "11:16:52 PDT"]
[Termination "Firouzja2003 won on time"]

1. Nf3 e6 2. g3 b6 3. Bg2 Bb7 4.
O-O Nf6 5. c4 d5 6. b3 Be7 7.
Bb2 O-O 8. e3 dxc4 9. bxc4 c5 10. Qe2 Nc6 11. Nc3 Qc7 12. Rab1 Rfd8 13. Rfd1 Rac8 14.
Ba1 Nb4 15. Nb5 Qb8 16. Be5 Bxf3 17. Bxf3 Qxe5 18. Nxa7 Rc7 19. Nb5 Rcd7 20. a3 Na6 21. Bc6 Rd3 22. Bb7 Nb8 23. Bd5 Qf5 24. Bg2 Rxd2 25. Rxd2 Qxb1+ 26. Bf1 Rxd2 27. Qxd2 Nbd7 28. Kg2 Ne5 29. Nc3 Qb3 30. Be2 Nxc4 31. Qd3 Ne5 32. Qd2 g6 33. h3 Nd5 0-1

[Event "*** Titled Tuesday Blitz"]
[Site "Chess.com"]
[Date "2021.03.30"]
[Round "7"]
[White "vinniethepooh"]
[Black "Mops_2004"]
[Result "1-0"]
[WhiteElo "2675"]
[BlackElo "2522"]
[TimeControl "180+1"]
[EndTime "11:16:53 PDT"]
[Termination "vinniethepooh won by resignation"]

1. d4 g6 2. c4 Bg7 3. Nc3 Nf6 4. e4 d6 5. Be2 O-O 6. Be3 c5 7. dxc5 Qa5 8. Bd2 Qxc5 9. Nf3 Bg4 10. Be3 Qa5 11.
O-O Nc6 12. Rc1 Rfc8 13. b3 Nd7 14. Qd2 a6 15. h3 Bxf3 16. Bxf3 b5 17. Nd5 bxc4 18. Nxe7+ Kf8 19. Nxc6 Qxd2 20. Bxd2 Rxc6 21. e5 Rac8 22. Bxc6 Rxc6 23. Rxc4 Rxc4 24. bxc4 Nxe5 25. Bb4 Ke7 26. c5 d5 27. c6+ Kd8 28. Rd1 Nxc6 29. Rxd5+ Kc7 30. Ba5+ Kc8 31. g3 f5 32. Kg2 Bd4 33. Rd6 Kb7 34. Rd7+ Kb8 35. Bd2 1-0

[Event "*** Titled Tuesday Blitz"]
[Site "Chess.com"]
[Date "2021.03.30"]
[Round "7"]
[White "gvanna"]
[Black "Mili_Brizzi"]
[Result "1-0"]
[WhiteElo "2380"]
[BlackElo "2287"]
[TimeControl "180+1"]
[EndTime "11:16:54 PDT"]
[Termination "gvanna won by resignation"]

1. e4 c6 2. Nf3 d5 3. Nc3 Bg4 4. h3 Bxf3 5. Qxf3 e6 6. d4 dxe4 7.
Nxe4 Qxd4 8. Bd3 Nd7 9. Be3 Qe5 10. O-O Ngf6 11. Rfe1 Nxe4 12. Bxe4 Qf6 13. Bf4 Be7 14. Rad1 Rd8 15. Qg3 e5 16. Be3 O-O 17. Bxa7 Nc5 18. Bf3 Ra8 19. Bxc5 Bxc5 20. Qxe5 Qxe5 21. Rxe5 Bb4 22.
a3 Ba5 23. Rd7 Rfe8 24. Ree7 Rxe7 25. Rxe7 Rb8 26. b4 Bb6 27. c4 Kf8 28. Rd7 h6 29. c5 Bd8 30. b5 cxb5 31. Bxb7 Ke8 32. c6 Bf6 33. Rd5 Bb2 34. c7 1-0

[Event "*** Titled Tuesday Blitz"]
[Site "Chess.com"]
[Date "2021.03.30"]
[Round "7"]
[White "Nemsko"]
[Black "m-garcett"]
[Result "0-1"]
[WhiteElo "2316"]
[BlackElo "2145"]
[TimeControl "180+1"]
[EndTime "11:16:54 PDT"]
[Termination "m-garcett won by resignation"]

1. e4 c5 2. Nf3 d6 3. d4 cxd4 4. Nxd4 Nf6 5. Nc3 a6 6. Be3 e6 7.
f4 b5 8. Bd3 Nbd7 9. O-O Bb7 10. a3 Rc8 11. Qf3 e5 12. Nf5 g6 13. Nh4 Bg7 14. f5 Nc5 15. Rad1 Qc7 16. Qg3 Ncxe4 17. Nxe4 Bxe4 18. fxg6 hxg6 19. c3 Bxd3 20. Rxd3 Qc4 21.
Bg5 Ne4 22. Qe3 Nxg5 0-1

[Event "*** Titled Tuesday Blitz"]
[Site "Chess.com"]
[Date "2021.03.30"]
[Round "7"]
[White "ElCoachRene"]
[Black "Khnykin_Nikolay"]
[Result "1-0"]
[WhiteElo "2233"]
[BlackElo "2020"]
[TimeControl "180+1"]
[EndTime "11:16:54 PDT"]
[Termination "ElCoachRene won by checkmate"]

1. d4 f5 2. Bg5 g6 3. e3 Bg7 4. h4 Nf6 5. h5 Nxh5 6. Rxh5 gxh5 7. Qxh5+ Kf8 8. Bc4 Qe8 9. Qh4 e6 10. Nc3 d5 11. Be2 h6 12. Bf6 Qg6 13. Be7+ Kg8 14. Bh5 Qxg2 15. O-O-O Nc6 16. Nf3 e5 17. Rg1 Qxg1+ 18.
Nxg1 Be6 19. Bf6 exd4 20. exd4 Bf7 21. Bf3 Bxf6 22. Qxf6 Re8 23. Nh3 Rh7 24. Bxd5 Bxd5 25. Nxd5 Rd7 26. Qg6+ Kf8 27. Qxf5+ Rf7 28. Qh5 Nxd4 29.
Qxh6+ Kg8 30. Nf6+ Rxf6 31. Qxf6 Ne2+ 32. Kd2 c5 33. Ng5 c4 34. Qf7+ Kh8 35. Qh7# 1-0

[Event "*** Titled Tuesday Blitz"]
[Site "Chess.com"]
[Date "2021.03.30"]
[Round "7"]
[White "djano"]
[Black "Magila31"]
[Result "1-0"]
[WhiteElo "2431"]
[BlackElo "2276"]
[TimeControl "180+1"]
[EndTime "11:16:57 PDT"]
[Termination "djano won by resignation"]

1. e4 g6 2. Nc3 Bg7 3. Bc4 e6 4.
h4 h5 5. d3 Ne7 6. Bg5 c6 7.
Bb3 d5 8. Qd2 Nd7 9. Nge2 Nc5 10. exd5 cxd5 11. O-O-O Nxb3+ 12. axb3 Qd7 13. Rhe1 O-O 14.
Bh6 Nf5 15. Bxg7 Kxg7 16. g4 hxg4 17. h5 b5 18. hxg6 fxg6 19. Nf4 b4 20. Nxe6+ Qxe6 21. Rxe6 bxc3 22. Qxc3+ d4 23. Qc7+ Rf7 24. Rxg6+ Kxg6 25.
Qc6+ Kg5 26. Qxa8 Bb7 27. Qd8+ Kf4 28. Re1 Kf3 29. Qe8 Bd5 30. Qe2+ Kf4 31. Qe5+ Kf3 32. Qxd5+ 1-0

[Event "*** Titled Tuesday Blitz"]
[Site "Chess.com"]
[Date "2021.03.30"]
[Round "7"]
[White "anon102030"]
[Black "SilviusTiberius"]
[Result "1-0"]
[WhiteElo "2739"]
[BlackElo "2565"]
[TimeControl "180+1"]
[EndTime "11:16:58 PDT"]
[Termination "anon102030 won on time"]

1. e4 e5 2. Nc3 Nf6 3. g3 Bc5 4. Bg2 c6 5. d3 d5 6. exd5 cxd5 7. Nge2 d4 8. Ne4 Nxe4 9. dxe4 O-O 10. O-O Nc6 11.
h3 a5 12. Kh2 b6 13. f4 Ba6 14. Rf3 Rc8 15. a3 f5 16. fxe5 fxe4 17. Rxf8+ Qxf8 18. Nf4 Nxe5 19. Bxe4 g5 20. Qh5 h6 21. Bd5+ Kh8 22. Ne6 Qf2+ 23. Bg2 Kh7 24. Bxg5 Nf7 25. Bf4 1-0

[Event "*** Titled Tuesday Blitz"]
[Site "Chess.com"]
[Date "2021.03.30"]
[Round "7"]
[White "SantoBlue"]
[Black "Nikolakis2014"]
[Result "1-0"]
[WhiteElo "2808"]
[BlackElo "2609"]
[TimeControl "180+1"]
[EndTime "11:16:59 PDT"]
[Termination "SantoBlue won by resignation"]

1. e4 c5 2. Nf3 d6 3. d4 cxd4 4. Nxd4 Nf6 5. Nc3 a6 6. a3 e6 7. g4 b5 8. g5 Nfd7 9. h4 Bb7 10. Bg2 Be7 11. Be3 Ne5 12. b3 Nbd7 13. f4 Rc8 14.
Nce2 Ng4 15. Bg1 h5 16. Qd2 g6 17. Rh3 e5 18. Nf3 exf4 19. Nxf4 Bxe4 20. Qd4 O-O 21.
Qxe4 Bxg5 22. Nxg5 Re8 23. Nfe6 Qf6 24. Bd4 Nde5 25.
Rf3 Nxf3+ 26. Bxf3 Qxe6 27. Nxe6 Rxe6 28. Qxe6 fxe6 29.
O-O-O Nh6 30. Bb7 Rb8 31. Be4 Kf7 32. Be3 Nf5 33. Bxf5 gxf5 34. Rxd6 Kf6 35. Rxa6 1-0

[Event "*** Titled Tuesday Blitz"]
[Site "Chess.com"]
[Date "2021.03.30"]
[Round "7"]
[White "mishanick"]
[Black "Mihnea2017"]
[Result "1-0"]
[WhiteElo "2938"]
[BlackElo "2465"]
[TimeControl "180+1"]
[EndTime "11:16:59 PDT"]
[Termination "mishanick won by resignation"]

1. c4 e5 2. Nc3 Nf6 3. Nf3 Nc6 4. e4 Bc5 5. Nxe5 Nxe5 6. d4 Bb4 7. dxe5 Nxe4 8. Qf3 Nxc3 9. bxc3 Bc5 10. Qg3 g6 11. Bd3 d6 12. Bg5 Qd7 13. O-O Qg4 14. exd6 Qxg3 15.
hxg3 Bxd6 16. Rfe1+ Kd7 17. Rad1 Re8 18. Rxe8 Kxe8 19. c5 Be7 20. Bf4 c6 21. Be3 Be6 22. Rb1 Rb8 23. a4 Bf6 24. Be4 Bd5 25. Bxd5 cxd5 26.
a5 Bxc3 27. a6 b6 28. cxb6 axb6 29. Rxb6 Ra8 30. a7 d4 31. Rb8+ 1-0

[Event "*** Titled Tuesday Blitz"]
[Site "Chess.com"]
[Date "2021.03.30"]
[Round "7"]
[White "Escanor89"]
[Black "superchess02"]
[Result "0-1"]
[WhiteElo "2583"]
[BlackElo "2816"]
[TimeControl "180+1"]
[EndTime "11:17:00 PDT"]
[Termination "superchess02 won by resignation"]

1. Nf3 a6 2. e4 b5 3. d4 Bb7 4. Bd3 e6 5. O-O c5 6. c3 Nf6 7. Qe2 d6 8. Re1 Be7 9. Nbd2 Nbd7 10. Nf1 e5 11. Ng3 O-O 12. a4 b4 13. Nf5 Re8 14. dxe5 dxe5 15. Nxe7+ Qxe7 16. Nh4 g6 17. Bg5 Qf8 18. Qe3 c4 19. Bxc4 Nxe4 20. Bh6 Qe7 21. Nf3 bxc3 22. bxc3 Rac8 23. Rab1 Ndf6 24. Ba2 Ng4 25.
Qb6 Nxc3 26. Qxb7 Nxb1 27. Qxb1 Nxh6 28. Rxe5 Qf6 29. Rxe8+ Rxe8 30. h3 Nf5 31. Qb7 Qa1+ 0-1

[Event "*** Titled Tuesday Blitz"]
[Site "Chess.com"]
[Date "2021.03.30"]
[Round "7"]
[White "FeketeBarika"]
[Black "DanilovVladimir"]
[Result "0-1"]
[WhiteElo "2296"]
[BlackElo "2491"]
[TimeControl "180+1"]
[EndTime "11:17:00 PDT"]
[Termination "DanilovVladimir won by resignation"]

1. Nf3 d5 2. g3 c6 3. Bg2 Nf6 4. O-O Bg4 5. c4 Bxf3 6. Bxf3 e6 7. cxd5 cxd5 8. Nc3 Nc6 9. d3 Be7 10. e4 dxe4 11.
dxe4 e5 12. Bg5 Nd4 13. Bxf6 Bxf6 14. Nd5 O-O 15. Bg2 Rc8 16. Kh1 Rc6 17. Rc1 Qd6 18.
Rxc6 bxc6 19. Ne3 Rb8 20. b3 Qa3 21. Qd2 Bg5 22. f4 Bf6 23. Ng4 Qe7 24. Rc1 h5 25. Ne3 h4 26. Nc4 hxg3 27. hxg3 Rd8 28. Rd1 Ne6 29.
Nd6 exf4 30. gxf4 Nxf4 31. Nf5 Qe5 32. Qc1 Nxg2 33. Rxd8+ Bxd8 34. Qd2 Qxe4 35. Qxd8+ Kh7 36. Qg5 Nh4+ 0-1

[Event "*** Titled Tuesday Blitz"]
[Site "Chess.com"]
[Date "2021.03.30"]
[Round "7"]
[White "Irina_Baraeva"]
[Black "MustafayevFarid2004"]
[Result "1-0"]
[WhiteElo "2318"]
[BlackElo "2483"]
[TimeControl "180+1"]
[EndTime "11:17:02 PDT"]
[Termination "Irina_Baraeva won by resignation"]

1. d4 Nf6 2. c4 e6 3. Nf3 d5 4.
Nc3 Bb4 5. Bg5 O-O 6. e3 Nbd7 7. Bd3 h6 8. Bh4 c6 9. O-O Qa5 10. Qc2 dxc4 11. Bxc4 Nd5 12. Rac1 N7b6 13. Bd3 c5 14. Nxd5 Nxd5 15. a3 c4 16. axb4 cxd3 17. Qxc8 Qxb4 18. Qc4 Qxb2 19. Qxd3 a5 20. Rb1 Qa2 21. Rxb7 a4 22. e4 Nf4 23. Qe3 Ne2+ 24. Kh1 a3 25. Nd2 Qc2 26. Rbb1 a2 27. Ra1 g5 28. Bg3 Qb2 29. Qxe2 1-0

[Event "*** Titled Tuesday Blitz"]
[Site "Chess.com"]
[Date "2021.03.30"]
[Round "7"]
[White "DonPreuss"]
[Black "zala02"]
[Result "1-0"]
[WhiteElo "2271"]
[BlackElo "2136"]
[TimeControl "180+1"]
[EndTime "11:17:06 PDT"]
[Termination "DonPreuss won by checkmate"]

1. d4 d5 2. e4 dxe4 3. Nc3 Nf6 4. f3 exf3 5. Nxf3 e6 6. Bd3 Be7 7. O-O c6 8. Qe1 Nbd7 9. Bg5 Qc7 10. Ne5 h6 11. Nxf7 hxg5 12. Nxh8 Nf8 13. Ng6 Bb4 14. Nxf8 Kxf8 15. Qe5 Qb6 16. Rxf6+ gxf6 17. Qxf6+ Ke8 18. Bg6+ Kd7 19. Na4 Be7 20. Nxb6+ axb6 21. Qf7 Kd6 22. c4 Ra5 23. b4 Ra3 24. c5+ Kd7 25. Re1 Kd8 26.
Qe8+ Kc7 27. Qxe7+ Kb8 28. Qd6+ Ka7 29. Qc7 g4 30. cxb6+ Ka6 31. Qxc8 g3 32. Qa8+ Kb5 33. Qxa3 e5 34. Bd3+ Kxb6 35. Qa5# 1-0

[Event "*** Titled Tuesday Blitz"]
[Site "Chess.com"]
[Date "2021.03.30"]
[Round "7"]
[White "LileKoridze"]
[Black "NikolaN98"]
[Result "0-1"]
[WhiteElo "2504"]
[BlackElo "2668"]
[TimeControl "180+1"]
[EndTime "11:17:08 PDT"]
[Termination "NikolaN98 won by resignation"]

1. d4 e6 2. c4 f5 3. Nf3 Nf6 4. g3 Be7 5. Bg2 O-O 6. O-O d6 7.
Nc3 a5 8. Qc2 Nc6 9. Rd1 Qe8 10.
e4 e5 11. dxe5 dxe5 12. exf5 Qh5 13. Nd5 Bc5 14. Nxc7 Bxf5 15. Qb3 Rab8 16. Be3 Bxe3 17. Qxe3 e4 18. Nh4 Bg4 19. Rd2 g5 20. h3 Bc8 21.
Bxe4 gxh4 22. g4 Qe5 23. Nd5 Nxe4 24. Re2 Nd4 25. Ne7+ Kh8 26. Ng6+ hxg6 27. Qh6+ Kg8 28. Qxg6+ Qg7 29. Qxe4 Nxe2+ 30. Qxe2 Bd7 0-1

[Event "*** Titled Tuesday Blitz"]
[Site "Chess.com"]
[Date "2021.03.30"]
[Round "7"]
[White "rynos0411"]
[Black "szachuspl"]
[Result "0-1"]
[WhiteElo "2410"]
[BlackElo "2547"]
[TimeControl "180+1"]
[EndTime "11:17:08 PDT"]
[Termination "szachuspl won by resignation"]

1. e4 c5 2. c3 Nf6 3. e5 Nd5 4. d4 cxd4 5. Nf3 d6 6. Nxd4 dxe5 7. Nf3 Nc6 8. Bb5 f6 9. O-O e6 10. Qb3 Qb6 11. c4 Nf4 12. Be3 Bc5 13. Nbd2 O-O 14. Bxc5 Qxc5 15. Ne4 Qe7 16. Bxc6 bxc6 17. Rfe1 c5 18.
Qe3 Bb7 19. Nxc5 Bxf3 20. gxf3 Rac8 21. b4 Qf7 22. Kh1 Rfd8 23. Rg1 Rd4 24. Rac1 g5 25. Ne4 h6 26. c5 Rd3 27. Qe1 Rc7 28. Rg3 Kg7 29.
Nd6 Qd7 30. Qe4 Rxd6 31. h4 Rd1+ 32. Rxd1 Qxd1+ 33. Kh2 Qd5 0-1

[Event "*** Titled Tuesday Blitz"]
[Site "Chess.com"]
[Date "2021.03.30"]
[Round "7"]
[White "Walter_White_Poland"]
[Black "LenkaPtacnikova"]
[Result "1-0"]
[WhiteElo "2283"]
[BlackElo "2159"]
[TimeControl "180+1"]
[EndTime "11:17:08 PDT"]
[Termination "Walter_White_Poland won by resignation"]

1. e4 c5 2. Nf3 Nc6 3. d4 cxd4 4. Nxd4 Nf6 5. Nc3 e6 6. Ndb5 Bb4 7. Bf4 e5 8. Bg5 a6 9. Nd6+ Kf8 10. Bc4 b5 11. Bb3 h6 12. Nxf7 Qa5 13. Bxf6 Bxc3+ 14. bxc3 Qxc3+ 15.
Kf1 gxf6 16. Nxh8 Nd4 17. Ng6+ Kg7 18. Nh4 Bb7 19. Bd5 Bxd5 20. exd5 Nxc2 21. Rc1 Qc4+ 22. Kg1 Qxh4 23. Rxc2 b4 24. h3 Ra7 25. Qg4+ 1-0

[Event "*** Titled Tuesday Blitz"]
[Site "Chess.com"]
[Date "2021.03.30"]
[Round "7"]
[White "PotapovaM"]
[Black "Borsuk_Konstantin"]
[Result "0-1"]
[WhiteElo "2492"]
[BlackElo "2661"]
[TimeControl "180+1"]
[EndTime "11:17:10 PDT"]
[Termination "Borsuk_Konstantin won by resignation"]

1. Nf3 Nf6 2. g3 g6 3. Bg2 Bg7 4. O-O O-O 5. d4 b6 6. b3 Bb7 7. Bb2 d6 8. c4 e6 9. Nc3 Ne4 10.
Qd3 f5 11. d5 Nxc3 12. Bxc3 Bxc3 13. Qxc3 e5 14. h4 h6 15. e4 f4 16. g4 Bc8 17.
g5 Bg4 18. gxh6 Bxf3 19. Bxf3 Qxh4 20. Rfe1 g5 21. h7+ Kh8 22. Bg2 g4 23. f3 Nd7 24.
Kf1 Nf6 25. Ke2 Qh2 26. Kf2 Qg3+ 27. Kf1 Rf7 28. b4 Rxh7 29. c5 Rh2 30. Re2 Nxe4 31. Qb2 gxf3 32. cxd6 fxg2+ 33. Rxg2 Rh1+ 34. Ke2 Qxg2+ 0-1

[Event "*** Titled Tuesday Blitz"]
[Site "Chess.com"]
[Date "2021.03.30"]
[Round "7"]
[White "Skat2704"]
[Black "slowdgehammer"]
[Result "1-0"]
[WhiteElo "2618"]
[BlackElo "2365"]
[TimeControl "180+1"]
[EndTime "11:17:11 PDT"]
[Termination "Skat2704 won by resignation"]

1. d4 Nf6 2. c4 e6 3. Nf3 d5 4. Nc3 a6 5. cxd5 exd5 6. Bg5 Be6 7.
e3 Nbd7 8. Bd3 c6 9. O-O Bd6 10.
Ne2 Qb8 11. Bf4 O-O 12. Bxd6 Qxd6 13. Nf4 Rfe8 14. Qc2 Nf8 15. Ne5 N6d7 16. Nxe6 Rxe6 17. Nxd7 Nxd7 18. Bxh7+ Kf8 19. Bd3 Rh6 20. f4 Re8 21. Rf3 Rhe6 22. Re1 Qb4 23. Qf2 Nf6 24. h3 Ne4 25. Bxe4 Rxe4 26. Rc1 Qe7 27. Rc3 Qd6 28. f5 f6 29. g4 Kf7 30. Qg3 Qb4 31. g5 Qxb2 32. Rb3 Qc1+ 33. Rf1 Rxe3 34. Rxb7+ Kg8 35. Qc7 R3e7 36. Rxc1 1-0